Map: Ruins of Endion

Players

CatZ

  • Race: Zerg Zerg
  • League: Grandmaster

Pokebunny - Winner!

  • Race: Terran Terran
  • League: Grandmaster

VOD

Have the link to the VOD?

Description

Time

  • Played on: April 7, 2016, 10:39 a.m.
  • Length: 8:19
Show
View Real Time Build Order
Export as new Build Order

CatZ Zerg 

Build Orders: Hatch First 

Get SALT Encoding   

  12  0:01  Drone  
  13  0:08  Drone  
  14  0:17  Overlord  
  14  0:27  Extractor  
  14  0:28  Drone  
  14  0:30  Drone, Extractor  
  16  0:36  Drone  
  17  0:45  Drone  
  18  0:55  Drone  
  19  1:05  Hatchery  
  18  1:15  Spawning Pool  
  18  1:16  Drone  
  18  1:19  Drone  
  19  1:28  Overlord  
  19  1:38  Drone  
  20  1:49  Hatchery  
  19  1:54  Drone  
  20  2:02  Drone  
  20  2:07  Queen  
  23  2:11  Zergling x2  
  24  2:17  Queen  
  24  2:19  Zergling x2  
  24  2:22  Drone  
  28  2:31  Drone  
  28  2:32  Spore Crawler  
  28  2:35  Drone  
  28  2:39  Drone  
  28  2:40  Spore Crawler  
  28  2:45  Drone  
  28  2:46  Queen  
  28  2:50  Drone  
  32  2:55  Drone  
  33  3:02  Queen  
  34  3:06  Zergling x2  
  34  3:07  Queen  
  34  3:09  Drone  
  34  3:12  Drone  
  39  3:16  Drone x2  
  39  3:17  Drone  
  42  3:22  Extractor x2  
  42  3:23  Drone  
  41  3:28  Drone  
  42  3:35  Overlord  
  42  3:47  Overlord  
  42  3:53  Overlord  
  42  3:54  Drone x8  
  50  3:59  Overlord  
  50  4:05  Overlord  
  50  4:08  Drone x3  
  50  4:09  Drone  
  54  4:12  Extractor x2  
  54  4:14  Metabolic Boost  
  54  4:16  Drone  
  53  4:27  Drone  
  53  4:28  Drone x2  
  53  4:30  Overlord  
  53  4:31  Lair  
  56  4:39  Drone x3  
  56  4:40  Overlord  
  59  4:46  Zergling x10  
  59  4:51  Overlord  
  59  4:52  Drone  
  65  5:00  Drone  
  66  5:08  Drone x3  
  66  5:09  Zergling x6  
  66  5:11  Overlord  
  72  5:14  Queen  
  74  5:21  Zergling x6  
  74  5:22  Zergling x6  
  72  5:29  Zergling x6  
  72  5:31  Zergling x2  
  69  5:36  Zergling x8  
  69  5:38  Zergling x4  
  69  5:39  Zergling x2  
  69  5:41  Zergling x4  
  69  5:42  Zergling x2  
  69  5:47  Zergling x6  
  60  5:56  Zergling x2  
  57  5:57  Zergling x4  
  56  6:04  Infestation Pit  
  56  6:07  Drone x2  
  56  6:08  Drone x3  
  60  6:18  Drone x2  
  60  6:19  Drone  
  63  6:26  Drone  
  63  6:30  Overlord  
  63  6:31  Overlord  
  64  6:35  Overlord  
  64  6:51  Pathogen Glands  
  49  7:11  Drone x6  
  55  7:21  Infestor x3  
  55  7:22  Infestor x4  
  65  7:39  Infestor x2  
  65  7:42  Zergling x8  
  72  7:57  Zergling x6  
Show
View Real Time Build Order
Export as new Build Order

Pokebunny Terran - Winner!

Build Orders: Reaper Expand, MMM Bio 

Get SALT Encoding   

  12  0:01  SCV  
  13  0:13  SCV  
  14  0:18  Supply Depot  
  14  0:25  SCV  
  15  0:39  SCV  
  15  0:42  Barracks  
  16  0:46  Refinery  
  16  0:51  SCV  
  17  1:04  SCV  
  18  1:16  SCV  
  19  1:29  Orbital Command  
  19  1:30  Reaper  
  20  1:39  Command Center  
  20  1:53  Supply Depot  
  20  1:55  SCV  
  21  2:02  Barracks  
  21  2:04  Barracks Reactor  
  21  2:07  SCV  
  22  2:16  Barracks  
  22  2:19  SCV  
  23  2:25  Refinery  
  23  2:45  Marine x2  
  25  2:52  Barracks Tech Lab, Factory  
  25  2:53  Orbital Command  
  25  2:54  SCV  
  26  3:04  Marine x3  
  29  3:10  SCV  
  29  3:13  Stimpack  
  29  3:14  Marine  
  29  3:19  SCV  
  31  3:22  SCV  
  31  3:26  Marine  
  31  3:27  Marine x2  
  35  3:36  Starport  
  35  3:37  Factory Reactor  
  35  3:39  SCV  
  35  3:40  SCV  
  37  3:45  Supply Depot  
  37  3:47  Marine  
  37  3:48  Marine  
  39  3:51  Marine  
  39  3:52  Marine  
  42  3:55  SCV  
  42  3:56  SCV  
  43  4:04  Supply Depot  
  43  4:10  Engineering Bay  
  43  4:12  SCV x2  
  45  4:20  Medivac  
  45  4:21  Marine, Medivac  
  45  4:22  Marine x2  
  52  4:24  Marine  
  52  4:27  SCV  
  52  4:29  SCV  
  55  4:37  Supply Depot, Terran Infantry Weapons Level 1  
  55  4:38  Factory Tech Lab  
  55  4:41  Refinery  
  55  4:43  Barracks Reactor  
  55  4:57  Marine x3  
  58  5:13  Siege Tank  
  61  5:15  SCV x2  
  61  5:17  Barracks, Marine  
  61  5:18  Marine x2  
  61  5:19  Barracks  
  62  5:38  Marine x3  
  62  5:39  Marine  
  66  5:50  Medivac  
  66  5:51  Medivac  
  66  5:55  Supply Depot x2  
  66  5:56  SCV x2  
  70  6:00  Siege Tank, Marine  
  70  6:09  Combat Shields  
  70  6:12  Supply Depot  
  70  6:16  Marine x6, SCV x2  
  78  6:22  Supply Depot  
  78  6:28  SCV x2  
  80  6:38  Marine  
  80  6:39  Marine x4  
  85  6:42  Siege Tank  
  85  6:43  Medivac x2  
  85  6:46  Supply Depot  
  92  7:07  Marine x4  
  96  7:13  Marine x3  
  96  7:14  Siege Tank  
  102  7:21  Medivac  
  102  7:22  Command Center, Medivac  
  106  7:25  Supply Depot, Marine  
  107  7:32  Marine x3  
  110  7:46  Marine x3  
  113  7:54  Marine x2  
  113  7:55  Marine x2  
Tags
 
Add a new tag
Caveats
  • Supply blocks, unpowered buildings, or Contaminate may cause inaccurate times.
  • Supply counts are checked every 10 seconds.